 Dungeon Crawl Stone Soup version 0.29-a0-334-gb41bcbb86e (webtiles) character file.

Game seed: 15705042276723311723

79 spaghetti the Covert (level 4, 0/42 HPs)
             Began as a Naga Delver on Apr 13, 2022.
             Slain by a kobold brigand
             ... wielding a +0 dagger
              (6 damage)
             ... on level 7 of the Dungeon.
             The game lasted 00:00:36 (215 turns).

spaghetti the Covert (Naga Delver)                   Turns: 215, Time: 00:00:36

Health: 0/42       AC:  3    Str: 15    XL:     4   Next: 38%
Magic:  4/4        EV: 10    Int: 10    God:
Gold:   40         SH:  0    Dex: 14    Spells: 3/3 levels left

rFire   . . .      SeeInvis +   a - +0 short sword {short}
rCold   . . .      Faith    .   (no shield)
rNeg    . . .      Spirit   .   b - +0 leather armour
rPois   +          Reflect  .   (no helmet)
rElec   .          Harm     .   h - +0 cloak
rCorr   .          Rampage  .   (no gloves)
Will    .....                   (no barding)
Stlth   ++++......              (no amulet)
HPRegen 0.14/turn               (no ring)
MPRegen 0.09/turn               (no ring)

@: short of breath, very slow
A: AC +1, large, see invisible, deformed body, poison resistance, slowness 2,
spit poison 1, naga tail 1, high MP 1, wild magic 1, sturdy frame 1
a: Spit Poison


You were on level 7 of the Dungeon.
You visited 1 branch of the dungeon, and saw 4 of its levels.

You collected 40 gold pieces.


Innate Abilities, Weirdness & Mutations

Your serpentine skin is tough. (AC +1)
You have supernaturally acute eyesight. (SInv)
Armour fits poorly on your strangely shaped body.
Your system is resistant to poisons. (rPois)
You cover ground very slowly.
You can spit poison.
You have a snake-like lower body.
You have an increased reservoir of magic. (+10% MP)
Your spells are a little harder to cast, but a little more powerful.
Your movements are slightly less encumbered by armour. (ER -2)


   Skills:
 - Level 3.0 Fighting
 - Level 2.0 Short Blades
 - Level 1.5 Dodging
 + Level 9.7 Stealth


You had 3 spell levels left.
You didn't know any spells.
Your spell library was empty.

Inventory:

Hand Weapons
 a - a +0 short sword (weapon) {short}
Armour
 b - a +0 leather armour (worn)
 h - a +0 cloak (worn)
   (You found it on level 4 of the Dungeon)
Wands
 g - a wand of digging (3)
Scrolls
 c - a scroll of fog
 d - a scroll of magic mapping {!r}
 e - a scroll of fear
Potions
 f - a potion of haste {@q3}

Dungeon Overview and Level Annotations

Branches:
Dungeon (7/15)
 Temple: D:4-7

Altars:

#.......#.#
#.........#
#......<..#
#.........#
#.........#
###........##
###..........#
#).....K######
#)#....@KK...#
#.##########.#
#.# #.# #.#
#.# #K# #.#


You could see a kobold brigand and 2 kobolds.


Message History

You hit the kobold.
You kill the kobold!
Things that are here:
a +0 dagger {short}; a kobold corpse A kobold brigand comes into view.
It is wielding a +0 dagger and quivering curare-tipped darts. 😕 HP[+2]
You regained 2 hp, and now have 35/42 hp.
A kobold brigand is nearby!
A kobold brigand is nearby!
A kobold brigand is nearby! 😕 HP[+1]
You start resting.
A kobold brigand is nearby! 😕 HP[+5]
You regained 5 hp, and now have 41/42 hp.
The kobold brigand shouts!
You hear a shout!
The kobold brigand throws a curare-tipped dart.
The curare-tipped dart completely misses you.
You hear a shout!
A kobold comes into view. It is wielding a +0 short sword.
You hit the kobold brigand but do no damage.
The kobold brigand barely misses you.
You closely miss the kobold brigand.
A kobold comes into view. It is wielding a +0 dagger.
The kobold brigand closely misses you.
You closely miss the kobold brigand. The kobold brigand closely misses you.
You closely miss the kobold brigand. 😎 HP[+1]
Your hp is fully restored (42).
You hit the kobold brigand. The kobold brigand barely misses you.
You miss the kobold brigand.
The kobold hits you with a +0 short sword.
The kobold brigand hits you with a +0 dagger. 😕 HP[-5]
You take 5 damage, and now have 37/42 hp.
You are too injured to fight recklessly!
You are too injured to fight recklessly!
You are too injured to fight recklessly!
You are too injured to fight recklessly!
You are too injured to fight recklessly!
You are too injured to fight recklessly!
You are too injured to fight recklessly!
You are too injured to fight recklessly!
Unknown command.
You closely miss the kobold brigand. The kobold brigand closely misses you.
The kobold hits you with a +0 short sword. 😕 HP[-4]
You take 4 damage, and now have 33/42 hp.
You hit the kobold brigand. The kobold hits you but does no damage.
The kobold brigand barely misses you.
You hit the kobold brigand. The kobold brigand barely misses you.
The kobold hits you with a +0 short sword. 😕 HP[-1]
You take 1 damage, and now have 32/42 hp.
You closely miss the kobold brigand. The kobold hits you but does no damage.
The kobold brigand hits you with a +0 dagger. 😮 HP[-3]
You take 3 damage, and now have 29/42 hp.
You hit the kobold brigand.
The kobold brigand hits you with a +0 dagger!
The kobold barely misses you. 😮 HP[-7]
You take 7 damage, and now have 22/42 hp.
You barely miss the kobold brigand. The kobold hits you but does no damage.
The kobold brigand hits you with a +0 dagger.
* * * LOW HITPOINT WARNING * * *
😨 HP[-5]
You take 5 damage, and now have 17/42 hp.
You hit the kobold brigand but do no damage.
The kobold brigand hits you but does no damage.
The kobold hits you with a +0 short sword.
* * * LOW HITPOINT WARNING * * *
😨 HP[-4]
You take 4 damage, and now have 13/42 hp.
Unknown command.
It was a potion of mutation.
You feel extremely strange.
You feel less in control of your magic.
You feel less encumbered by your armour.
You feel more energetic. The kobold barely misses you.
The kobold brigand hits you with a +0 dagger.
* * * LOW HITPOINT WARNING * * *
😨 HP[-2]
You take 2 damage, and now have 11/42 hp.
You closely miss the kobold brigand. The kobold brigand barely misses you.
The kobold hits you with a +0 short sword.
* * * LOW HITPOINT WARNING * * *
😱 HP[-3]
You take 3 damage, and now have 8/42 hp.
You hit the kobold brigand. The kobold hits you but does no damage.
The kobold brigand hits you with a +0 dagger.
* * * LOW HITPOINT WARNING * * *
😱 HP[-2]
You take 2 damage, and now have 6/42 hp.
Aiming: Spit Poison (1% risk of failure)
Press: ? - help, Shift-Dir - straight line, f - kobold brigand
Aim: a kobold brigand, wielding a +0 dagger and quivering curare-tipped darts (heavily wounded, 50% to hit)
The splash of poison misses the kobold brigand.
The kobold brigand hits you with a +0 dagger.
You die...

Skill      XL: |  1  2  3 |
---------------+----------+-----
Stealth        | 8 9 |  9.7
Fighting       | |  3.0
Short Blades   | |  2.0
Dodging        | |  1.5

Action                   |  1- 3 |  4- 6 || total
-------------------------+-------+-------++-------
Melee: Short sword       |     2 |    30 ||    32
 Abil: Spit Poison       |       |     1 ||     1
  Use: Potion            |       |     1 ||     1
 Stab: Sleeping          |     2 |       ||     2
Armor: Leather armour    |       |     6 ||     6
Dodge: Dodged            |       |    17 ||    17

Levels and vault maps discovered:
D:4:      layout_loops_cross, minmay_temple_entry_statues_pillars
D:5:      gammafunk_cloud_chamber, layout_loops_cross
D:6:      layout_basic, solitary_fountain
D:7:      layout_basic, nicolae_qazlal_scattered_showers, dk_noncrumbling_4,
          uniq_pikel

Notes
Turn   | Place    | Note
-------+----------+-------------------------------------------
     0 | D:5      | spaghetti the Naga Delver began the quest for the Orb.
     0 | D:5      | Reached XP level 1. HP: 21/21 MP: 1/1
     0 | D:5      | magus.rc [v1.9.6]
    45 | D:5      | Noticed an iguana
   106 | D:6      | Noticed a bullfrog
   112 | D:7      | Noticed a howler monkey
   112 | D:7      | Noticed a howler monkey
   114 | D:7      | Killed a howler monkey
   115 | D:7      | Reached skill level 8 in Stealth
   115 | D:7      | Reached XP level 2. HP: 28/28 MP: 2/2
   115 | D:7      | Reached XP level 3. HP: 34/34 MP: 3/3
   118 | D:7      | Reached skill level 9 in Stealth
   118 | D:7      | Reached XP level 4. HP: 42/42 MP: 4/4
   157 | D:7      | Noticed a kobold brigand
   212 | D:7      | Gained mutation: Your spells are a little harder to cast,
                  | but a little more powerful. [potion of mutation]
   212 | D:7      | Gained mutation: Your movements are slightly less
                  | encumbered by armour. (ER -2) [potion of mutation]
   212 | D:7      | Gained mutation: You have an increased reservoir of magic.
                  | (+10% MP) [potion of mutation]
   213 | D:7      | HP: 8/42 [kobold/+0 short sword (3)]
   215 | D:7      | Slain by a kobold brigand

Vanquished Creatures
  2 howler monkeys (D:7)
  2 kobolds (D:7)
4 creatures vanquished.

Table legend:
 A = Non-vault XP
 B = Vault XP
 C = Vault XP percentage of total XP
 D = Non-vault monster count
 E = Vault monster count
 F = Vault count percentage of total count
                 A         B        C        D         E       F
            +---------+---------+-------+---------+---------+-------
      Total |     114 |       0 |   0.0 |       4 |       0 |   0.0
            +---------+---------+-------+---------+---------+-------
        D:7 |     114 |       0 |   0.0 |       4 |       0 |   0.0
            +---------+---------+-------+---------+---------+-------

Illustrated notes

Table legend:
 A = Kills in this place as a percentage of kills in entire the game.
 B = Kills by you in this place as a percentage of kills by you in the entire game.
 C = Kills by friends in this place as a percentage of kills by friends in the entire game.
 D = Other kills in this place as a percentage of other kills in the entire game.
 E = Experience gained in this place as a percentage of experience gained in the entire game.
 F = Experience gained in this place divided by the number of levels of this place that you have seen.
                   A       B       C       D       E      F
               +-------+-------+-------+-------+-------+----------------------
         Total | 100.0 | 100.0 |   N/A |   N/A | 100.0 |  28.5
       Dungeon | 100.0 | 100.0 |   N/A |   N/A | 100.0 |  28.5
               +-------+-------+-------+-------+-------+----------------------

Table legend: (Time is in decaauts)
 A = Elapsed time spent in this place.
 B = Non-inter-level travel time spent in this place.
 C = Inter-level travel time spent in this place.
 D = Time resting spent in this place.
 E = Time spent auto-exploring this place.
 F = Levels seen in this place.
 G = Mean time per level.
                   A        B        C        D        E       F      G
               +--------+--------+--------+--------+--------+-----+--------+
         Total |    260 |    238 |     22 |     36 |    121 |   4 |   65.0 |
       Dungeon |    260 |    238 |     22 |     36 |    121 |   4 |   65.0 |
               +--------+--------+--------+--------+--------+-----+--------+

Top non-repeatable levels by time:
     D:7: 110 daAuts
     D:6: 82 daAuts
     D:4: 42 daAuts
     D:5: 25 daAuts
